| TOP OF THE 1ST |
|
Detroit Tigers batting - Pitching for Texas Rangers : RHP Jeff Byrd
|
|
Pitching: RHP Jeff Byrd
|
|
|
Batting: RHB Tack Wilson
|
0-0: Bunt for hit to 15S - play at first, batter OUT! 1-3
|
|
Batting: SHB Tony Phillips
|
0-0: Called Strike 0-1: Foul Ball, location: 2F 0-2: Foul Ball, location: 2F 0-2: Strikes out looking
|
|
Batting: LHB Jerry Tabb
|
0-0: Fly out, F7 (Flyball, 7D, EV 91.3 MPH)
|
| Top of the 1st over - 0 runs, 0 hits, 0 errors, 0 left on base; Detroit 0 - Texas 0 |
| BOTTOM OF THE 1ST |
|
Texas Rangers batting - Pitching for Detroit Tigers : RHP Edwin Ramirez
|
|
Pitching: RHP Edwin Ramirez
|
|
|
Batting: LHB Lenny Dykstra
|
0-0: Ball 1-0: Ball 2-0: Fly out, F7 (Flyball, 7LS, EV 77.5 MPH)
|
|
Batting: RHB Kirby Puckett
|
0-0: Called Strike 0-1: Ball 1-1: Foul Ball, location: 2F 1-2: SINGLE (Line Drive, 8LS, EV 101.9 MPH)
|
|
Batting: RHB Steve Garvey
|
0-0: Ball 1-0: Foul Ball, location: 2F 1-1: Ball 2-1: Foul Ball, location: 2F 2-2: Ball 3-2: Grounds into double play, 4-6-3 (Groundball, 4, EV 80.0 MPH)
|
| Bottom of the 1st over - 0 runs, 1 hit, 0 errors, 0 left on base; Detroit 0 - Texas 0 |
| TOP OF THE 2ND |
|
Detroit Tigers batting - Pitching for Texas Rangers : RHP Jeff Byrd
|
|
Batting: RHB Dave Kingman
|
0-0: Called Strike 0-1: Foul Ball, location: 2F 0-2: Ball 1-2: Foul Ball, location: 2F 1-2: Strikes out swinging
|
|
Batting: SHB Lee Mazzilli
|
0-0: Called Strike 0-1: Called Strike 0-2: Strikes out swinging
|
|
Batting: RHB Keith Moreland
|
0-0: Ball 1-0: Swinging Strike 1-1: Ball 2-1: Ball 3-1: Base on Balls
|
|
Batting: RHB Rusty Kuntz
|
0-0: Called Strike 0-1: Foul Ball, location: 2F 0-2: Ball 1-2: Strikes out swinging
|
| Top of the 2nd over - 0 runs, 0 hits, 0 errors, 1 left on base; Detroit 0 - Texas 0 |
| BOTTOM OF THE 2ND |
|
Texas Rangers batting - Pitching for Detroit Tigers : RHP Edwin Ramirez
|
|
Batting: RHB Steve Balboni
|
0-0: Ball 1-0: Ball 2-0: Ball 3-0: Swinging Strike 3-1: Foul Ball, location: 2F 3-2: Strikes out swinging
|
|
Batting: LHB Jody Helser
|
0-0: Ball 1-0: Ball 2-0: Called Strike 2-1: Called Strike 2-2: Ground out 6-3 (Groundball, 6, EV 108.1 MPH)
|
|
Batting: LHB Richie Hebner
|
0-0: Ball 1-0: Fly out, F6 (Popup, 6MD, EV 62.5 MPH)
|
| Bottom of the 2nd over - 0 runs, 0 hits, 0 errors, 0 left on base; Detroit 0 - Texas 0 |
| TOP OF THE 3RD |
|
Detroit Tigers batting - Pitching for Texas Rangers : RHP Jeff Byrd
|
|
Batting: RHB Al Cowens
|
0-0: Ball 1-0: Called Strike 1-1: Ground out 5-3 (Groundball, 56, EV 88.1 MPH)
|
|
Batting: RHB Jose Hidalgo
|
0-0: Ball 1-0: SINGLE (Flyball, 3D, EV 91.3 MPH)
|
|
Batting: RHB Tack Wilson
|
0-0: Ball 1-0: Called Strike 1-1: Foul Ball, location: 2F 1-2: SINGLE (Groundball, 34D, EV 99.4 MPH) Jose Hidalgo to second Jose Hidalgo to third
|
|
Batting: SHB Tony Phillips
|
0-0: Called Strike 0-1: Ball 1-1: SINGLE (Groundball, 6MD, EV 108.1 MPH) Jose Hidalgo scores Tack Wilson to second Runner from 2nd tries for 3rd, SAFE, throw by CF made to third
|
|
Batting: LHB Jerry Tabb
|
0-0: Ball Tony Phillips is caught stealing 2nd base 2-6 1-0: 2-RUN HOME RUN (Flyball, 9D, EV 91.9 MPH), Distance : 382 ft
|
|
Batting: RHB Dave Kingman
|
0-0: Ball 1-0: Ball 2-0: Ball 3-0: Called Strike 3-1: Called Strike 3-2: Strikes out swinging
|
| Top of the 3rd over - 3 runs, 4 hits, 0 errors, 0 left on base; Detroit 3 - Texas 0 |
| BOTTOM OF THE 3RD |
|
Texas Rangers batting - Pitching for Detroit Tigers : RHP Edwin Ramirez
|
|
Batting: LHB Ernie Whitt
|
0-0: Foul Ball, location: 2F 0-1: Ball 1-1: Swinging Strike 1-2: Foul Ball, location: 2F 1-2: Ball 2-2: TRIPLE (Flyball, 8RXD, EV 103.1 MPH)
|
|
Batting: RHB Juan Rodriguez
|
0-0: Called Strike 0-1: Ball 1-1: Fly out, F7 (Flyball, 7S, EV 88.8 MPH)
|
|
Batting: RHB Juan Samuel
|
0-0: Ball 1-0: Ball 2-0: Swinging Strike 2-1: Ball 3-1: Fly out, F9 (Line Drive, 9, EV 91.3 MPH)
|
|
Batting: LHB Lenny Dykstra
|
0-0: Called Strike 0-1: Ground out 6-3 (Groundball, 6, EV 100.0 MPH)
|
| Bottom of the 3rd over - 0 runs, 1 hit, 0 errors, 1 left on base; Detroit 3 - Texas 0 |
| TOP OF THE 4TH |
|
Detroit Tigers batting - Pitching for Texas Rangers : RHP Jeff Byrd
|
|
Batting: SHB Lee Mazzilli
|
0-0: Fly out, F8 (Flyball, 8LM, EV 81.3 MPH)
|
|
Batting: RHB Keith Moreland
|
0-0: Ball 1-0: Called Strike 1-1: Swinging Strike 1-2: Foul Ball, location: 2F 1-2: Ball 2-2: Foul Ball, location: 2F 2-2: Strikes out looking
|
|
Batting: RHB Rusty Kuntz
|
0-0: Called Strike 0-1: Ball 1-1: Called Strike 1-2: Foul Ball, location: 2F 1-2: Strikes out swinging
|
| Top of the 4th over - 0 runs, 0 hits, 0 errors, 0 left on base; Detroit 3 - Texas 0 |
| BOTTOM OF THE 4TH |
|
Texas Rangers batting - Pitching for Detroit Tigers : RHP Edwin Ramirez
|
|
Batting: RHB Kirby Puckett
|
0-0: Foul Ball, location: 2F 0-1: Foul Ball, location: 2F 0-2: Strikes out looking
|
|
Batting: RHB Steve Garvey
|
0-0: SINGLE (Groundball, 4MD, EV 101.3 MPH)
|
|
Batting: RHB Steve Balboni
|
0-0: Swinging Strike 0-1: Swinging Strike 0-2: Strikes out looking
|
|
Batting: LHB Jody Helser
|
0-0: Fly out, F7 (Line Drive, 7, EV 89.4 MPH)
|
| Bottom of the 4th over - 0 runs, 1 hit, 0 errors, 1 left on base; Detroit 3 - Texas 0 |
| TOP OF THE 5TH |
|
Detroit Tigers batting - Pitching for Texas Rangers : RHP Jeff Byrd
|
|
Batting: RHB Al Cowens
|
0-0: Ground out 3-1 (Groundball, 34, EV 101.9 MPH)
|
|
Batting: RHB Jose Hidalgo
|
0-0: Foul Ball, location: 2F 0-1: Ball 1-1: Called Strike 1-2: SINGLE (Line Drive, 9S, EV 99.4 MPH)
|
|
Batting: RHB Tack Wilson
|
0-0: Ball 1-0: Foul Ball, location: 2F 1-1: Foul Ball, location: 2F 1-2: SINGLE (Line Drive, 9S, EV 95.0 MPH) Jose Hidalgo to second Runner from 2nd tries for 3rd, SAFE, no throw by RF
|
|
Batting: SHB Tony Phillips
|
0-0: Ball 1-0: Called Strike 1-1: Swinging Strike 1-2: Foul Ball, location: 2F 1-2: Ball 2-2: Ball 3-2: Grounds into double play, 5-4-3 (Groundball, 56, EV 101.9 MPH)
|
| Top of the 5th over - 0 runs, 2 hits, 0 errors, 1 left on base; Detroit 3 - Texas 0 |
| BOTTOM OF THE 5TH |
|
Texas Rangers batting - Pitching for Detroit Tigers : RHP Edwin Ramirez
|
|
Batting: LHB Richie Hebner
|
0-0: Ground out U3 (Groundball, 34, EV 101.3 MPH)
|
|
Batting: LHB Ernie Whitt
|
0-0: Ball 1-0: Ground out U3 (Groundball, 3, EV 98.1 MPH)
|
|
Batting: RHB Juan Rodriguez
|
0-0: Called Strike 0-1: Ground out 4-3 (Groundball, 4, EV 78.8 MPH)
|
| Bottom of the 5th over - 0 runs, 0 hits, 0 errors, 0 left on base; Detroit 3 - Texas 0 |
| TOP OF THE 6TH |
|
Detroit Tigers batting - Pitching for Texas Rangers : RHP Jeff Byrd
|
|
Batting: LHB Jerry Tabb
|
0-0: Called Strike 0-1: Swinging Strike 0-2: Ball 1-2: Strikes out swinging
|
|
Batting: RHB Dave Kingman
|
0-0: Called Strike 0-1: Ball 1-1: Swinging Strike 1-2: Foul Ball, location: 2F 1-2: Reached on error, E3 (Flyball, 3D, EV 95.0 MPH)
|
|
Batting: SHB Lee Mazzilli
|
0-0: Ball 1-0: Swinging Strike 1-1: Ball 2-1: Ball 3-1: Fly out, F7 (Flyball, 78S, EV 81.3 MPH)
|
|
Batting: RHB Keith Moreland
|
0-0: Ball Dave Kingman is caught stealing 2nd base 2-4
|
| Top of the 6th over - 0 runs, 0 hits, 1 error, 0 left on base; Detroit 3 - Texas 0 |
| BOTTOM OF THE 6TH |
|
Texas Rangers batting - Pitching for Detroit Tigers : RHP Edwin Ramirez
|
|
Batting: RHB Juan Samuel
|
0-0: Ball 1-0: Called Strike 1-1: Foul Ball, location: 2F 1-2: Ball 2-2: Ball 3-2: Base on Balls
|
|
Batting: LHB Lenny Dykstra
|
0-0: Ball 1-0: Fly out, F9 (Flyball, 89M, EV 81.3 MPH)
|
|
Batting: RHB Kirby Puckett
|
0-0: Ball Juan Samuel is caught stealing 2nd base 2-4 1-0: Called Strike 1-1: Called Strike 1-2: Ball 2-2: Strikes out looking
|
| Bottom of the 6th over - 0 runs, 0 hits, 0 errors, 0 left on base; Detroit 3 - Texas 0 |
| TOP OF THE 7TH |
|
Detroit Tigers batting - Pitching for Texas Rangers : RHP Jeff Byrd
|
|
Batting: RHB Keith Moreland
|
0-0: Called Strike 0-1: Ball 1-1: Ball 2-1: Called Strike 2-2: Fly out, F8 (Flyball, 8LS, EV 93.1 MPH)
|
|
Batting: RHB Rusty Kuntz
|
0-0: Foul Ball, location: 2F 0-1: Foul Ball, location: 2F 0-2: Strikes out swinging
|
|
Batting: RHB Al Cowens
|
0-0: Called Strike 0-1: Called Strike 0-2: Foul Ball, location: 2F 0-2: Foul Ball, location: 2F 0-2: Ball 1-2: Fly out, F4 (Popup, 34, EV 75.0 MPH)
|
| Top of the 7th over - 0 runs, 0 hits, 0 errors, 0 left on base; Detroit 3 - Texas 0 |
| BOTTOM OF THE 7TH |
|
Texas Rangers batting - Pitching for Detroit Tigers : RHP Edwin Ramirez
|
|
Batting: RHB Steve Garvey
|
0-0: Ball 1-0: Ball 2-0: Called Strike 2-1: Ball 3-1: Base on Balls
|
|
Batting: RHB Steve Balboni
|
0-0: Ball 1-0: Fly out, F7 (Flyball, 7S, EV 84.4 MPH)
|
|
Batting: LHB Jody Helser
|
0-0: Ball 1-0: Called Strike 1-1: SINGLE (Groundball, 6MD, EV 108.1 MPH) Steve Garvey to second Runner from 2nd tries for 3rd, SAFE, throw by CF made to third
|
|
Batting: LHB Richie Hebner
|
0-0: Ball 1-0: Called Strike 1-1: Ball 2-1: Foul Ball, location: 2F 2-2: Grounds into double play, 4-6-3 (Groundball, 4, EV 86.9 MPH)
|
| Bottom of the 7th over - 0 runs, 1 hit, 0 errors, 1 left on base; Detroit 3 - Texas 0 |
| TOP OF THE 8TH |
|
Detroit Tigers batting - Pitching for Texas Rangers : RHP Jeff Byrd
|
|
Pitching: RHP Williard Kinard
|
|
|
Batting: RHB Jose Hidalgo
|
0-0: Ball 1-0: Ball 2-0: Ball 3-0: Base on Balls
|
|
Batting: RHB Tack Wilson
|
0-0: Ball 1-0: Called Strike 1-1: Ball Wild Pitch! Jose Hidalgo to second 2-1: Ball 3-1: Ground out 6-3 (Groundball, 6, EV 88.1 MPH) Jose Hidalgo to third
|
|
Batting: SHB Tony Phillips
|
0-0: Intentional Walk
|
|
Batting: LHB Jerry Tabb
|
0-0: Ball Tony Phillips steals 2nd base 1-0: Called Strike 1-1: Foul Ball, location: 2F 1-2: Strikes out swinging
|
|
Batting: RHB Dave Kingman
|
0-0: Ball 1-0: Called Strike 1-1: Foul Ball, location: 2F 1-2: Foul Ball, location: 2F 1-2: Strikes out swinging
|
| Top of the 8th over - 0 runs, 0 hits, 0 errors, 2 left on base; Detroit 3 - Texas 0 |
| BOTTOM OF THE 8TH |
|
Texas Rangers batting - Pitching for Detroit Tigers : RHP Edwin Ramirez
|
|
Batting: LHB Ernie Whitt
|
0-0: Foul Ball, location: 2F 0-1: Foul Ball, location: 2F 0-2: Strikes out swinging
|
|
Batting: RHB Juan Rodriguez
|
0-0: Ground out 6-3 (Groundball, 6, EV 80.0 MPH)
|
|
Batting: RHB Juan Samuel
|
0-0: Ball 1-0: Swinging Strike 1-1: Fly out, F9 (Flyball, 9, EV 81.9 MPH)
|
| Bottom of the 8th over - 0 runs, 0 hits, 0 errors, 0 left on base; Detroit 3 - Texas 0 |
| TOP OF THE 9TH |
|
Detroit Tigers batting - Pitching for Texas Rangers : RHP Williard Kinard
|
|
Batting: SHB Lee Mazzilli
|
0-0: Ball 1-0: Ground out 6-3 (Groundball, 6M, EV 80.6 MPH)
|
|
Batting: RHB Keith Moreland
|
0-0: Called Strike 0-1: Ball 1-1: Ball 2-1: Ground out 1-3 (Groundball, P, EV 70.6 MPH)
|
|
Batting: RHB Rusty Kuntz
|
0-0: Ball 1-0: Called Strike 1-1: Swinging Strike 1-2: Ball 2-2: Strikes out swinging
|
| Top of the 9th over - 0 runs, 0 hits, 0 errors, 0 left on base; Detroit 3 - Texas 0 |
| BOTTOM OF THE 9TH |
|
Texas Rangers batting - Pitching for Detroit Tigers : RHP Edwin Ramirez
|
|
Batting: LHB Lenny Dykstra
|
0-0: Ball 1-0: SINGLE (Line Drive, 56D, EV 99.4 MPH)
|
|
Batting: RHB Kirby Puckett
|
0-0: Foul Ball, location: 2F 0-1: Grounds into double play, 5-4-3 (Groundball, 56, EV 87.5 MPH)
|
|
Batting: RHB Steve Garvey
|
0-0: Ball 1-0: Fly out, F8 (Flyball, 8LD, EV 103.8 MPH)
|
| Bottom of the 9th over - 0 runs, 1 hit, 0 errors, 0 left on base; Detroit 3 - Texas 0 |
|